 Dungeon Crawl Stone Soup version 0.30-a0-272-gf98c3da03f (webtiles) character file.

Game seed: 2153596091396745247

2069 greasedhog the Cudgeller (level 9, -1/55 HPs)
             Began as a Gargoyle Chaos Knight on Oct 15, 2022.
             Was a Plaything of Xom.
             Slain by a troll (6 damage)
             ... on level 7 of the Dungeon.
             The game lasted 00:09:40 (4844 turns).

greasedhog the Cudgeller (Gargoyle Chaos Knight)    Turns: 4844, Time: 00:09:40

Health: -1/55      AC: 12    Str: 19    XL:     9   Next: 26%
Magic:  9/9        EV: 16    Int: 14    God:    Xom [...*..]
Gold:   194        SH:  0    Dex:  9    Spells: 8/8 levels left

rFire   + . .      SeeInvis .    a - +0 mace (chaos)
rCold   + + .      Faith    .    (no shield)
rNeg    + . .      Spirit   .    b - +2 leather armour
rPois   ∞          Reflect  .    (no helmet)
rElec   +          Harm     .    (no cloak)
rCorr   +          Rampage  .    (no gloves)
Will    .....                    (no boots)
Stlth   ++........               d - amulet of regeneration
HPRegen 1.09/turn                s - ring of protection from cold
MPRegen 0.11/turn                g - +4 ring of evasion

@: resistant
A: sickness immunity, AC +6, negative energy resistance 1, electricity
resistance, torment resistance 1, petrification resistance, thin skeletal
structure 1, clumsy 1
a: Renounce Religion


You were on level 7 of the Dungeon.
You worshipped Xom.
You were a favourite toy of Xom.
You visited 1 branch of the dungeon, and saw 7 of its levels.

You collected 305 gold pieces.
You spent 111 gold pieces at shops.

Inventory:

Hand Weapons
 a - a +0 mace of chaos (weapon)
 o - a -3 demon whip
Missiles
 m - 4 curare-tipped darts
Armour
 b - a +2 leather armour (worn)
Jewellery
 d - an amulet of regeneration (around neck)
 e - a ring of see invisible
 g - a +4 ring of evasion (right hand)
 s - a ring of protection from cold (left hand)
Wands
 i - a wand of flame (12)
Scrolls
 f - a scroll of identify
 k - 4 scrolls of teleportation
 l - a scroll of summoning
 n - a scroll of magic mapping
 p - a scroll of silence
Potions
 h - 2 potions of cancellation
 j - a potion of mutation
 q - a potion of flight
 r - a potion of resistance
Miscellaneous
 c - a piece from Xom's chessboard (15/15) (quivered)


   Skills:
 - Level 6.1 Fighting
 * Level 7.9 Maces & Flails
 - Level 6.0 Armour
 * Level 4.6 Dodging
 * Level 2.2 Evocations


You had 8 spell levels left.
You didn't know any spells.
Your spell library was empty.

Dungeon Overview and Level Annotations

Branches:
Dungeon (7/15)             Temple (0/1) D:4

Altars:
Qazlal
Ru
Zin

Shops:
D:3 *   D:4 *


Innate Abilities, Weirdness & Mutations

You are immune to sickness and miasma.
Your stone body is resilient. (AC +6)
You are immune to poison.
You resist negative energy. (rN+)
You are resistant to electric shocks. (rElec)
You are resistant to unholy torment.
You are immune to petrification.
You have a somewhat thin skeletal structure. (Dex +2, Stealth+)
You are clumsy. (Dex -2)


Message History

The puff of frost hits you. You resist. The gnoll closely misses you.
You whack the white imp!
You kill the white imp!
Your +0 mace of chaos is briefly surrounded by a scintillating aura of random colours.
a - a +0 mace of chaos (weapon)
The gnoll hits you but does no damage.
You hit the troll. You freeze the troll.
The troll is lightly wounded.
The troll misses you. x2; The troll claws you but does no damage.
The gnoll barely misses you.
You hit the troll but do no damage.
The troll seems to grow stronger.
The troll is lightly wounded.
The troll closely misses you. The troll claws you. The troll barely misses you.
The gnoll hits you from afar with a +0 halberd.
You hit the troll. You burn the troll.
The troll is lightly wounded.
The troll barely misses you. The troll completely misses you.
The troll claws you but does no damage. The gnoll closely misses you.
You hit the troll but do no damage. You drain the troll.
The troll is lightly wounded.
The gnoll is no longer moving quickly.
The troll bites you. The troll claws you! The troll barely misses you.
The gnoll misses you.
You hit the troll but do no damage.
The troll is lightly wounded.
The troll bites you but does no damage. The troll barely misses you.
The troll claws you! The gnoll barely misses you.
You hit the troll but do no damage.
The troll suddenly seems more agile.
The troll is lightly wounded.
The troll closely misses you. The troll claws you but does no damage.
The troll completely misses you. The gnoll misses you.
It was a potion of resistance.
You feel protected.
Xom thinks this is hilarious!
The troll bites you!!
* * * LOW HITPOINT WARNING * * *
The troll claws you.
* * * LOW HITPOINT WARNING * * *
The troll claws you.
You die...
Xom howls with laughter!

#.....#.........#
#.#.#.#.........##
#.....#.........''
#.....#.........##
#.#.#.#.......T...
#.....#....######.
#.....#.g..#
#.#.#.#T#....#
#.....#@#.##.#
#.....#.#.# .#
#...#...#.# #
#..###..#.# ##.
##.#.# ## #+#'#


You could see a troll (strong, agile, drained) and a gnoll.

Vanquished Creatures
  Sigmund (D:3)
  Edmund (D:5)
  A black bear (D:5)
  A boggart (D:6)
  A centaur (D:6)
  2 ice beasts
  2 ogres
  A phantom (D:6)
  Blork the orc (D:5)
  A bullfrog (D:6)
  A necrophage (D:4)
  3 scorpions
  3 hounds
  A gnoll bouda (D:7)
  An orc priest (D:6)
  Terence (D:3)
  6 iguanas
  7 gnolls
  6 adders
  2 white imps
  A worm (D:2)
  3 dart slugs
  13 orcs
  6 ball pythons
  6 endoplasms
  2 giant cockroaches
  5 goblins
  7 hobgoblins
  3 jackals (D:1)
  8 kobolds
  3 quokkas
  3 bats
  A frilled lizard (D:1)
  7 rats
111 creatures vanquished.

Vanquished Creatures (collateral kills)
  A bullfrog (D:4)
  A scorpion (D:4)
  2 jellies (D:4)
  A gnoll (D:4)
  An endoplasm (D:4)
  A goblin (D:4)
  2 kobolds (D:4)
9 creatures vanquished.

Vanquished Creatures (others)
  A goblin (D:4)
1 creature vanquished.

Grand Total: 121 creatures vanquished

Notes
Turn   | Place    | Note
-------+----------+-------------------------------------------
     0 | D:1      | greasedhog the Gargoyle Chaos Knight began the quest for
                  | the Orb.
     0 | D:1      | Reached XP level 1. HP: 14/14 MP: 1/1
    53 | D:1      | XOM: divination: magic mapping
   140 | D:1      | XOM: divination: detect items
   166 | D:1      | Reached XP level 2. HP: 19/19 MP: 2/2
   374 | D:1      | XOM: 3-stop teleportation journey
   421 | D:1      | XOM: fog
   452 | D:1      | Reached XP level 3. HP: 13/24 MP: 3/3
   468 | D:1      | XOM: scenery: 1 doors close
   854 | D:1      | XOM: summons 4 hostile shadow creatures
  1452 | D:2      | Reached skill level 4 in Maces & Flails
  1452 | D:2      | Reached XP level 4. HP: 27/30 MP: 4/4
  1497 | D:3      | Found Vafem's Assorted Antiques.
  1531 | D:3      | Bought an ivory ring for 110 gold pieces
  1561 | D:3      | Found a glowing silver altar of Zin.
  1561 | D:3      | Noticed an angel
  1688 | D:3      | Noticed Terence
  1700 | D:3      | Killed Terence
  1720 | D:3      | Noticed Sigmund
  1720 | D:3      | XOM: confuse monster(s)
  1741 | D:3      | Killed Sigmund
  1742 | D:3      | Reached skill level 5 in Fighting
  1742 | D:3      | Reached skill level 5 in Maces & Flails
  1742 | D:3      | Reached XP level 5. HP: 25/36 MP: 5/5
  1742 | D:3      | Reached XP level 6. HP: 28/41 MP: 6/6
  1897 | D:3      | Found a stormy altar of Qazlal.
  1897 | D:3      | Found a sacrificial altar of Ru.
  1971 | D:3      | Found a faded altar of an unknown god.
  2194 | D:4      | XOM: 1-stop teleportation journey
  2195 | D:4      | Found a staircase to the Ecumenical Temple.
  2207 | D:4      | XOM: cast spell 'Summon Cactus Giant'
  2226 | D:4      | Reached XP level 7. HP: 45/46 MP: 7/7
  2233 | D:4      | XOM: butterfly on damage
  2249 | D:4      | Reached skill level 1 in Dodging
  2256 | D:4      | XOM: cast spell 'Discord'
  2428 | D:4      | Found Ewuacsol's Lightly-Used Armoury.
  2436 | D:4      | Bought a -3 demon whip for 1 gold piece
  2813 | D:4      | XOM: noise
  2819 | D:4      | XOM: cast spell 'Summon Ice Beast'
  2881 | D:4      | XOM: torment (17/46 hp)
  2886 | D:4      | XOM: summons 1 hostile shadow creature
  2945 | D:4      | XOM: draining
  2959 | D:4      | Reached skill level 6 in Maces & Flails
  2976 | D:4      | XOM: summons friendly shadow imp
  3153 | D:4      | XOM: polymorph shadow imp -> iron imp
  3194 | D:5      | Entered Level 5 of the Dungeon
  3258 | D:5      | Reached XP level 8. HP: 51/51 MP: 8/8
  3261 | D:5      | Noticed Edmund
  3264 | D:5      | XOM: divination: detect creatures
  3268 | D:5      | XOM: cast spell 'Summon Cactus Giant'
  3286 | D:5      | Killed Edmund
  3345 | D:5      | XOM: butterfly on damage
  3360 | D:5      | XOM: chaos upgrade
  3364 | D:5      | XOM: smoke on damage
  3367 | D:5      | XOM: enchant monster (bad)
  3370 | D:5      | Reached skill level 5 in Armour
  3403 | D:5      | XOM: give mutation
  3403 | D:5      | Gained mutation: You occasionally shout uncontrollably at
                  | your foes. [Xom's mischief]
  3428 | D:5      | XOM: cast spell 'Metabolic Englaciation'
  3528 | D:5      | Noticed Blork the orc
  3543 | D:5      | Killed Blork the orc
  3836 | D:5      | XOM: god gift: runed war axe {god gift}
  3916 | D:6      | Reached skill level 7 in Maces & Flails
  3932 | D:6      | XOM: give mutations
  3932 | D:6      | Gained mutation: You are clumsy. (Dex -2) [Xom's mischief]
  3932 | D:6      | Gained mutation: Your spells are a little easier to cast,
                  | but a little less powerful. [Xom's mischief]
  3932 | D:6      | Gained mutation: You are dopey. (Int -2) [Xom's mischief]
  3971 | D:6      | XOM: polymorph ice beast -> boggart
  4020 | D:6      | XOM: enchant monster (bad)
  4021 | D:6      | XOM: confusion (+ monsters)
  4056 | D:6      | XOM: stat loss: -1 Dex (6/7)
  4296 | D:6      | XOM: 3-stop teleportation journey
  4379 | D:6      | Reached skill level 1 in Evocations
  4379 | D:6      | Reached XP level 9. HP: 45/55 MP: 9/9
  4382 | D:6      | Lost mutation: You occasionally shout uncontrollably at
                  | your foes. [potion of mutation]
  4382 | D:6      | Lost mutation: You are dopey. (Int -2) [potion of mutation]
  4382 | D:6      | Lost mutation: Your spells are a little easier to cast, but
                  | a little less powerful. [potion of mutation]
  4382 | D:6      | Gained mutation: You have a somewhat thin skeletal
                  | structure. (Dex +2, Stealth+) [potion of mutation]
  4441 | D:6      | XOM: cloud trail
  4469 | D:6      | XOM: enchant monster (good)
  4750 | D:7      | XOM: noise
  4800 | D:7      | Noticed a troll
  4806 | D:7      | XOM: enchant monster (good)
  4844 | D:7      | Slain by a troll

Illustrated notes

Levels and vault maps discovered:
D:1:      dpeg_arrival_round_a, layout_basic
D:2:      layout_rooms, kennysheep_generic_room_10
D:3:      layout_rooms, zin_angel, chequers_temple_overflow_statue_of_worship,
          chequers_ecumenical_altar_simple_redux, serial_shops,
          nicolae_shop_hallway_stairs, eino_curves_04, kennysheep_path_1,
          uniq_terence, uniq_sigmund
D:4:      minmay_diamond_boxcup, layout_basic, minmay_temple_entry_waves,
          grunt_decor_resistance, minmay_shop_damaged
D:5:      layout_cave_pools, nicolae_sextant, kennysheep_diamond,
          hangedman_abyss_or_decor_lesser_grid, uniq_blork_the_orc, uniq_edmund
D:6:      layout_loops_ring
D:7:      layout_basic, columned_hall_lemuel

Skill      XL: |  1  2  3  4  5  6  7  8  9 |
---------------+----------------------------+-----
Fighting       | 4 5 6 |  6.1
Maces & Flails | 4 5 6 7 |  7.9
Armour         | 3 4 6 |  6.0
Dodging        | 2 4 |  4.6
Evocations     | 1 2 |  2.2

Action                   |  1- 3 |  4- 6 |  7- 9 || total
-------------------------+-------+-------+-------++-------
Melee: Mace              |   112 |    69 |   134 ||   315
       Punch             |     1 |       |     6 ||     7
       Demon whip        |       |       |   235 ||   235
Evoke: Wand              |       |       |     1 ||     1
  Use: Scroll            |     5 |     1 |     5 ||    11
       Potion            |       |       |     5 ||     5
 Stab: Confused          |       |     1 |       ||     1
       Paralysed         |       |       |     3 ||     3
       Sleeping          |       |       |     2 ||     2
Armor: Leather armour    |    67 |    25 |   126 ||   218
Dodge: Dodged            |    91 |    46 |   247 ||   384

Table legend: (Time is in decaauts)
 A = Elapsed time spent in this place.
 B = Non-inter-level travel time spent in this place.
 C = Inter-level travel time spent in this place.
 D = Time resting spent in this place.
 E = Time spent auto-exploring this place.
 F = Levels seen in this place.
 G = Mean time per level.
                   A        B        C        D        E       F      G
               +--------+--------+--------+--------+--------+-----+--------+
         Total |   4810 |   4569 |    241 |     92 |   3419 |   7 |  687.1 |
       Dungeon |   4810 |   4569 |    241 |     92 |   3419 |   7 |  687.1 |
               +--------+--------+--------+--------+--------+-----+--------+

Top non-repeatable levels by time:
     D:4: 1060 daAuts
     D:1: 1023 daAuts
     D:6: 842 daAuts
     D:5: 680 daAuts
     D:3: 622 daAuts
     D:2: 498 daAuts
     D:7: 82 daAuts
